 Dungeon Crawl Stone Soup version 0.19.4-10-g532645f (webtiles) character file.

4620 JNO the Protected (level 10, 0/90 HPs)
             Began as a Minotaur Monk on Feb 24, 2017.
             Was a High Priest of Cheibriados.
             Slain by an eight-headed hydra (11 damage)
             ... on level 1 of the Lair of Beasts.
             The game lasted 00:38:44 (7048 turns).

JNO the Protected (Minotaur Monk)                   Turns: 7048, Time: 00:38:46

Health: 0/90       AC: 23    Str: 30    XL:     10   Next: 19%
Magic:  5/12       EV: 19    Int: 19    God:    Cheibriados [*****.]
Gold:   462        SH:  0    Dex: 31    Spells: 0 memorised, 9 levels left

rFire  x . .     SeeInvis .     s - +3 flail (protect)
rCold  + . .     Gourm    .     j - +1 plate armour
rNeg   . . .     Faith    .     (no shield)
rPois  .         Spirit   .     (helmet restricted)
rElec  .         Reflect  .     e - +0 cloak
rCorr  .         Harm     .     (no gloves)
MR     .....                    (no boots)
Stlth  ..........               (no amulet)
                                (no ring)
                                t - ring of ice

@: agile, protection aura, very slow
A: retaliatory headbutt, horns 2
a: Bend Time, Temporal Distortion, Slouch, Step From Time, Renounce Religion


You were on level 1 of the Lair of Beasts.
You worshipped Cheibriados.
Cheibriados was extremely pleased with you.
You were hungry.

You visited 2 branches of the dungeon, and saw 9 of its levels.

You collected 462 gold pieces.

Inventory:

Hand Weapons
 b - a +0 blowgun
 f - a +1 mace of venom
 s - a +3 flail of protection (weapon)
 v - a +3 flail of draining
 H - a +1 mace of crushing
Missiles
 d - 19 poisoned needles
 h - 227 stones (quivered)
Armour
 e - a +0 cloak (worn)
 j - a +1 plate armour (worn)
 G - a +1 leather armour of magic resistance
Jewellery
 t - a ring of ice (left hand)
 u - the amulet "Bekhlep" {Inacc rC+ rN+ Dex+2}
   (You found it on level 5 of the Dungeon)

   [amulet of inaccuracy]

   It reduces the accuracy of all your attacks.
   It affects your dexterity (+2).
   It protects you from cold.
   It protects you from negative energy.
Wands
 i - a wand of iceblast (12/15)
 k - a wand of disintegration (14/24)
 q - a wand of lightning (3/15)
 x - a wand of hasting (3/9)
 F - a wand of flame (27/48)
Scrolls
 y - 2 scrolls of remove curse
 D - a scroll of amnesia {unknown}
Potions
 g - a potion of agility
 m - a potion of flight
 o - a potion of lignification {unknown}
 r - 2 potions of curing
 w - a potion of might {unknown}
 z - 2 potions of magic {unknown}
 B - 2 potions of brilliance
 C - a potion of cancellation {unknown}
Comestibles
 c - a meat ration
 l - 4 bread rations
 n - 5 beef jerkies
 p - a slice of pizza
 I - 3 chunks of flesh


   Skills:
 + Level 8.4 Fighting
   Level 3.7(6.5) Axes
 + Level 8.4(8.8) Maces & Flails
 + Level 4.6 Throwing
 - Level 9.2 Armour
 + Level 6.4 Dodging
 - Level 1.5 Stealth
 + Level 4.5 Invocations


You had 9 spell levels left.
You didn't know any spells.

Dungeon Overview and Level Annotations

Branches:
Dungeon (8/15)             Temple (0/1) D:7            Lair (1/6) D:8

Altars:
Cheibriados
Dithmenos
Gozag
Hepliaklqana
Nemelex Xobeh
Qazlal
Ru
Sif Muna
Trog
Xom
Zin
The Shining One


Innate Abilities, Weirdness & Mutations

You reflexively headbutt those who attack you in melee.
You have a pair of horns on your head.


Message History

* * * LOW HITPOINT WARNING * * *
You hit the crocodile.
You kill the crocodile!
Cheibriados appreciates the change of pace.
You bludgeon the eight-headed hydra!!
The eight-headed hydra is heavily wounded.
The eight-headed hydra bites you but does no damage.
The eight-headed hydra barely misses you.
The eight-headed hydra bites you but does no damage. x2
The eight-headed hydra misses you.
The eight-headed hydra closely misses you.
The eight-headed hydra barely misses you.
The eight-headed hydra closely misses you.
You sock the eight-headed hydra! You headbutt the eight-headed hydra!
The eight-headed hydra is severely wounded.
The eight-headed hydra bites you but does no damage.
The eight-headed hydra misses you.
The eight-headed hydra completely misses you.
The eight-headed hydra misses you. The eight-headed hydra bites you!
You die...

*,,,,** *,*,,,,,* *,,,,*
*,,,,* *,*,,,,,* *,,,,*
,,,,,* *,*,8,,,***,,,,*
*,,,,* *,*,,,*,,**,,,,*
*,,,,* *,*,,,*,**,,,,,**
*,,,,* **,,,,*,****,,,,,*
*,,,,* *,###+##* *,,,,**
*,,,******#.....#######,*
*,,**,8,,*.##..#@##.8.##*
*,,*,,,,,#.....D.†.....#
*,,*8,>,,+...8...+..>.8#
*,,,,,,,,........#.....#
*,,*,,8,,#.......##.8.(##
*,,,*****#......#######.#
*,,,,* *......#* #....#
*,,,,** *##....,** #...<##
*,,,,,****.....,,**#.....#


You could see an eight-headed hydra.

Vanquished Creatures
  A black mamba (Lair:1)
  2 komodo dragons
  Grinder (D:3)
  2 hippogriffs
  Edmund (D:4)
  Menkaure (D:7)
  A water moccasin (Lair:1)
  2 sky beasts
  2 ice beasts (D:8)
  2 phantoms
  An ogre (D:7)
  A centaur (D:8)
  A crocodile (Lair:1)
  The ghost of derval the Slasher, an amateur HESk (D:3)
  4 bullfrogs
  4 scorpions
  5 howler monkeys
  2 bullfrog zombies (D:8)
  5 crimson imps
  A quasit (D:5)
  2 jellies (D:6)
  8 hounds
  5 orc priests
  4 centaur skeletons
  Jessica (D:2)
  An iguana (D:4)
  5 orc wizards
  7 worker ants
  A worker ant zombie (D:7)
  5 gnolls
  A howler monkey skeleton (D:4)
  9 adders
  2 shadow imps (D:7)
  2 adder skeletons (D:4)
  2 worms
  7 leopard geckos
  22 orcs
  4 giant cockroaches
  7 goblins
  8 hobgoblins
  13 jackals
  4 quokkas
  7 bats
  3 frilled lizards
  A jackal zombie (D:7)
  6 kobolds
  A quokka skeleton (D:8)
  A quokka zombie (D:8)
  3 rats
182 creatures vanquished.

Vanquished Creatures (others)
  2 plants (D:8)
2 creatures vanquished.

Grand Total: 184 creatures vanquished

Notes
Turn   | Place    | Note
-------+----------+-------------------------------------------
     0 | D:1      | JNO the Minotaur Monk began the quest for the Orb.
     0 | D:1      | Reached XP level 1. HP: 19/19 MP: 0/0
   443 | D:1      | Reached XP level 2. HP: 27/27 MP: 1/1
   613 | D:1      | Reached skill level 1 in Armour
   925 | D:2      | Reached XP level 3. HP: 31/34 MP: 2/2
  1040 | D:2      | Noticed Jessica
  1046 | D:2      | Killed Jessica
  1046 | D:2      | Reached skill level 1 in Maces & Flails
  1335 | D:2      | Reached XP level 4. HP: 41/41 MP: 3/3
  1357 | D:2      | Reached skill level 2 in Armour
  1554 | D:2      | Found a sparkling altar of Nemelex Xobeh.
  1555 | D:2      | Found a shadowy altar of Dithmenos.
  1555 | D:2      | Found a glowing silver altar of Zin.
  1556 | D:2      | Found a snail-covered altar of Cheibriados.
  1556 | D:2      | Found a hazy altar of Hepliaklqana.
  1556 | D:2      | Found an opulent altar of Gozag.
  1557 | D:2      | Found a deep blue altar of Sif Muna.
  1593 | D:2      | Became a worshipper of Cheibriados the Contemplative
  1593 | D:2      | Reached * piety under Cheibriados
  1593 | D:2      | Reached ** piety under Cheibriados
  1713 | D:3      | Noticed Grinder
  1732 | D:3      | Paralysed by Grinder for 7 turns
  1741 | D:3      | Paralysed by Grinder for 2 turns
  1751 | D:3      | Killed Grinder
  1751 | D:3      | Reached skill level 3 in Armour
  1751 | D:3      | Reached XP level 5. HP: 38/47 MP: 2/5
  1751 | D:3      | Reached XP level 6. HP: 43/53 MP: 2/6
  2179 | D:3      | Found a bloodstained altar of Trog.
  2477 | D:3      | Noticed derval's ghost (amateur HESk)
  2486 | D:3      | Killed derval's ghost
  2486 | D:3      | Reached skill level 4 in Armour
  2505 | D:3      | Found a glowing golden altar of the Shining One.
  2785 | D:4      | Reached *** piety under Cheibriados
  2806 | D:4      | Reached XP level 7. HP: 60/60 MP: 8/8
  3241 | D:4      | Reached skill level 5 in Fighting
  3250 | D:4      | Noticed Edmund
  3261 | D:4      | Killed Edmund
  3261 | D:4      | Reached skill level 5 in Maces & Flails
  3368 | D:5      | Entered Level 5 of the Dungeon
  3511 | D:5      | Got a shimmering bronze amulet
  3512 | D:5      | Identified the amulet "Bekhlep" {Inacc rC+ rN+ Dex+2} (You found it on level 5 of the Dungeon)
  3630 | D:5      | Reached skill level 5 in Armour
  3717 | D:5      | Reached XP level 8. HP: 70/70 MP: 10/10
  3972 | D:5      | Reached **** piety under Cheibriados
  4427 | D:6      | Noticed a hippogriff
  4436 | D:6      | Killed a hippogriff
  4436 | D:6      | Reached skill level 6 in Armour
  4863 | D:6      | Reached skill level 7 in Armour
  4926 | D:6      | Found a sparkling altar of Nemelex Xobeh.
  5158 | D:7      | Noticed a hippogriff
  5170 | D:7      | Reached XP level 9. HP: 67/81 MP: 11/11
  5352 | D:7      | Reached skill level 1 in Throwing
  5359 | D:7      | Reached ***** piety under Cheibriados
  5363 | D:7      | Reached skill level 8 in Armour
  5426 | D:7      | Found a stormy altar of Qazlal.
  5483 | D:7      | Found a staircase to the Ecumenical Temple.
  5584 | D:7      | Noticed Menkaure
  5595 | D:7      | Killed Menkaure
  5595 | D:7      | Reached skill level 5 in Dodging
  5920 | D:7      | Found a shimmering altar of Xom.
  5921 | D:7      | Found a sacrificial altar of Ru.
  6342 | D:8      | Reached skill level 9 in Armour
  6842 | D:8      | Found a staircase to the Lair.
  6843 | D:8      | Noticed a komodo dragon
  6869 | D:8      | Killed a komodo dragon
  6869 | D:8      | Reached XP level 10. HP: 73/88 MP: 12/12
  6937 | Lair:1   | Entered Level 1 of the Lair of Beasts
  7035 | Lair:1   | Noticed an eight-headed hydra
  7036 | Lair:1   | Noticed a black mamba
  7043 | Lair:1   | Killed a black mamba
  7048 | Lair:1   | Slain by an eight-headed hydra

Skill      XL: |  1  2  3  4  5  6  7  8  9 |
---------------+----------------------------+-----
Fighting       | 4 5 7 8 |  8.4
Armour         | 1 3 4 5 7 9 |  9.2
Maces & Flails | 1 3 4 5 7 8 |  8.4
Dodging        | 4 6 |  6.4
Invocations    | 2 3 4 |  4.5
Throwing       | 4 |  4.6
Axes           | |  3.7
Stealth        | |  1.5

Action                   |  1- 3 |  4- 6 |  7- 9 | 10-12 || total
-------------------------+-------+-------+-------+-------++-------
Melee: Hand axe          |    10 |       |       |       ||    10
       Mace              |    44 |    48 |    73 |       ||   165
       Headbutt          |     9 |    35 |    83 |     3 ||   130
       Whip              |       |    86 |       |       ||    86
       Flail             |       |       |   161 |     8 ||   169
Invok: Bend Time         |       |     2 |     7 |     1 ||    10
       Slouch            |       |       |       |     1 ||     1
  Use: Scroll            |       |     8 |     5 |     2 ||    15
       Potion            |       |       |     1 |     3 ||     4
 Stab: Sleeping          |     1 |       |       |       ||     1
  Eat: Chunk             |     1 |       |     1 |       ||     2
       Bread ration      |       |     1 |       |       ||     1
       Meat ration       |       |       |     1 |       ||     1
Armor: Robe              |     7 |       |       |       ||     7
       Plate armour      |    27 |    96 |   157 |    30 ||   310
Dodge: Dodged            |    23 |    58 |   157 |    49 ||   287
